 Dungeon Crawl Stone Soup version 0.25.1-1-g288607f5aa (webtiles) character file.

Game seed: 8185820507294333365

2626 Delamore the Basher (level 9, -4/52 HPs)
             Began as a Gargoyle Fighter on July 18, 2020.
             Was a Follower of Okawaru.
             Killed from afar by a gargoyle (25 damage)
             ... with a stone arrow
             ... on level 8 of the Dungeon.
             The game lasted 00:09:24 (7561 turns).

Delamore the Basher (Gargoyle Fighter)              Turns: 7561, Time: 00:09:25

Health: -4/52      AC: 20    Str: 23    XL:     9   Next: 60%
Magic:  9/9        EV:  5    Int:  9    God:    Okawaru [*.....]
Gold:   300        SH: 10    Dex:  9    Spells: 8/8 levels left

rFire    . . .     SeeInvis .   a - +1 flail
rCold    . . .     Gourm    .   c - +0 kite shield
rNeg     + . .     Faith    .   q - +0 chain mail
rPois    ∞         Spirit   .   v - +0 helmet
rElec    +         Reflect  .   (no cloak)
rCorr    .         Harm     .   (no gloves)
MR       .....                  (no boots)
Stlth    ..........             (no amulet)
HPRegen  0.17/turn              n - +4 ring of protection
MPRegen  0.11/turn              t - ring of flight

@: no status effects
A: negative energy resistance 1, electricity resistance, unbreathing,
petrification resistance, rot immunity, AC +6
a: Heroism, Renounce Religion, Evoke Flight


You were on level 8 of the Dungeon.
You worshipped Okawaru.
Okawaru was aware of your devotion.
You were hungry.

You visited 2 branches of the dungeon, and saw 9 of its levels.
You also visited: Sewer.

You collected 300 gold pieces.

Inventory:

Hand Weapons
 a - a +1 flail (weapon)
Missiles
 h - 7 silver javelins (quivered)
Armour
 b - a +0 scale mail
 c - a +0 kite shield (worn)
 q - a +0 chain mail (worn)
 v - a +0 helmet (worn)
Jewellery
 n - a +4 ring of protection (left hand)
 o - an uncursed ring of poison resistance
 t - a ring of flight (right hand)
Wands
 x - a wand of paralysis (9)
 A - a wand of disintegration (34)
Scrolls
 g - a scroll of enchant weapon
 i - 5 scrolls of remove curse
 k - 2 scrolls of teleportation {unknown}
 l - 3 scrolls of enchant armour
 p - 2 scrolls of noise
 s - a scroll of fog
 y - a scroll of magic mapping
 B - a scroll of amnesia {unknown}
 C - a scroll of vulnerability {unknown}
 E - a scroll of identify
Potions
 d - 3 potions of might
 e - a potion of berserk rage {unknown}
 j - 3 potions of flight {unknown}
 m - 2 potions of magic {unknown}
 r - 2 potions of stabbing {unknown}
 u - a potion of haste {unknown}
 w - a potion of lignification
 z - a potion of curing
 D - a potion of mutation {unknown}
 G - a potion of heal wounds {unknown}
Comestibles
 f - 20 rations


   Skills:
 + Level 4.6 Fighting
 - Level 12.0 Maces & Flails
 - Level 3.2 Armour
 + Level 4.6 Shields


You had 8 spell levels left.
You didn't know any spells.
Your spell library contained the following spells:

 Spells                   Type           Power        Failure   Level  Hunger
 Beastly Appendage        Tmut           #.....       100%        1    ##.....
 Corona                   Hex            #......      100%        1    ##.....
 Summon Butterflies       Summ           #.......     100%        1    ##.....
 Ensorcelled Hibernation  Hex/Ice        #.....       100%        2    ###....
 Slow                     Hex            #.......     100%        2    ###....
 Sticks to Snakes         Tmut           #.......     100%        2    ###....
 Call Canine Familiar     Summ           #.......     100%        3    ####...
 Confusing Touch          Hex            #.......     100%        3    ####...
 Dazzling Flash           Conj/Hex       #.....       100%        3    ####...
 Gell's Gravitas          Tloc           #.........   100%        3    ####...
 Inner Flame              Hex/Fire       #.......     100%        3    ####...
 Portal Projectile        Hex/Tloc       #.....       100%        3    ####...
 Spider Form              Tmut/Pois      #.........   100%        3    ####...
 Tukima's Dance           Hex            #.......     100%        3    ####...
 Cause Fear               Hex            #.........   100%        4    #####..
 Ice Form                 Ice/Tmut       #.......     100%        4    #####..
 Leda's Liquefaction      Hex/Erth       #.........   100%        4    #####..
 Petrify                  Tmut/Erth      #.......     100%        4    #####..
 Summon Ice Beast         Ice/Summ       #.......     100%        4    #####..
 Blade Hands              Tmut           #.........   100%        5    ######.
 Metabolic Englaciation   Hex/Ice        #.........   100%        5    ######.
 Summon Mana Viper        Hex/Summ       #.......     100%        5    ######.
 Yara's Violent Unravell  Hex/Tmut       #.........   100%        5    ######.
 Summon Hydra             Summ           #.........   100%        7    #######


Dungeon Overview and Level Annotations

Branches:
Dungeon (8/15)             Temple (1/1) D:6           Sewer (visited)
   Lair: D:8-11

Altars:
Ashenzari
Cheibriados
Dithmenos
Elyvilon
Fedhas
Hepliaklqana
Makhleb
Nemelex Xobeh
Okawaru
Qazlal
Ru
Sif Muna
Trog
Uskayaw
Vehumet
Xom
Yredelemnul
Zin
The Shining One

Shops:
D:5 =

Annotations:
D:5 exclusion: oklob plant


Innate Abilities, Weirdness & Mutations

You are resistant to torment.
Your stone body is resilient. (AC +6)
You are immune to poison.
You resist negative energy. (rN+)
You are resistant to electric shocks. (rElec)
You can survive without breathing.
You are immune to petrification.
You are immune to rotting.


Message History

A gargoyle comes into view. It is wielding a +3 morningstar.
There is a stone staircase leading up here.
A gargoyle is nearby!
You hit the gargoyle.
The gargoyle is lightly damaged.
You block the gargoyle's attack.
Your shield and chain mail prevent you from hitting the gargoyle.
The gargoyle is lightly damaged.
You block the gargoyle's attack.
You hit the gargoyle but do no damage.
The gargoyle is lightly damaged.
The gargoyle hits you with a +3 morningstar.
You hit the gargoyle but do no damage.
The gargoyle is lightly damaged.
The gargoyle hurls a stone arrow at you.
The stone arrow hits you!!
Ouch! That really hurt!
The gargoyle hurls a stone arrow at you.
The stone arrow hits you!!
You die...

#### ....
#..########.#
#...9.@.....#
#..##########
.... ##.# ..
#


You could see a gargoyle.

Vanquished Creatures
  Sigmund (D:4)
  A water moccasin (D:7)
  3 sky beasts
  An ice beast (D:7)
  5 ogres
  A phantom (D:5)
  2 centaurs (D:7)
  Blork the orc (D:5)
  3 bullfrogs
  A water moccasin skeleton (D:6)
  A howler monkey (D:7)
  2 crimson imps (D:5)
  A bullfrog skeleton (D:6)
  3 hounds
  A jelly (D:5)
  4 orc wizards
  An iguana (D:6)
  Jessica (D:2)
  Natasha (thrice) (D:4)
  6 worker ants
  A hound skeleton (D:6)
  3 gnolls (D:2)
  16 adders
  2 river rats (D:4)
  A shadow imp (D:5)
  2 adder zombies (D:5)
  An adder skeleton (D:4)
  4 worms
  A dart slug (D:2)
  6 leopard geckos
  17 orcs
  5 ball pythons
  9 giant cockroaches
  6 hobgoblins
  13 jackals
  A quokka (D:6)
  8 bats
  12 frilled lizards
  A giant cockroach zombie (D:5)
  12 goblins
  A jackal skeleton (D:5)
  8 kobolds
  2 leopard gecko skeletons
  14 rats
188 creatures vanquished.

Notes
Turn   | Place    | Note
-------+----------+-------------------------------------------
     0 | D:1      | Delamore the Gargoyle Fighter began the quest for the Orb.
     0 | D:1      | Reached XP level 1. HP: 14/14 MP: 1/1
   160 | D:1      | Reached XP level 2. HP: 9/19 MP: 2/2
   363 | D:1      | Reached skill level 3 in Maces & Flails
   667 | D:1      | Reached XP level 3. HP: 23/23 MP: 3/3
  1014 | D:2      | Noticed Jessica
  1018 | D:2      | Killed Jessica
  1018 | D:2      | Reached skill level 4 in Maces & Flails
  1018 | D:2      | Reached XP level 4. HP: 28/28 MP: 4/4
  1388 | D:2      | Reached skill level 5 in Maces & Flails
  1486 | D:2      | Reached XP level 5. HP: 29/32 MP: 5/5
  2645 | D:4      | Reached skill level 6 in Maces & Flails
  2645 | D:4      | Reached XP level 6. HP: 34/37 MP: 6/6
  2698 | D:4      | Found a glowing drain.
  2764 | Sewer    | Entered a sewer
  2994 | Sewer    | Reached skill level 7 in Maces & Flails
  3013 | Sewer    | Reached XP level 7. HP: 40/41 MP: 7/7
  3516 | D:4      | Noticed Sigmund
  3529 | D:4      | Killed Sigmund
  3529 | D:4      | Reached skill level 8 in Maces & Flails
  3946 | D:4      | Noticed Natasha
  3957 | D:4      | Killed Natasha
  4111 | D:4      | Noticed Natasha
  4123 | D:4      | Killed Natasha
  4313 | D:5      | Entered Level 5 of the Dungeon
  4397 | D:5      | Reached skill level 9 in Maces & Flails
  4397 | D:5      | Reached XP level 8. HP: 44/46 MP: 8/8
  4464 | D:4      | Noticed Natasha
  4481 | D:4      | Killed Natasha
  4677 | D:5      | Noticed Blork the orc
  4687 | D:5      | Killed Blork the orc
  4751 | D:5      | Found a shimmering blue altar of Sif Muna.
  4784 | D:5      | Reached skill level 10 in Maces & Flails
  5035 | D:5      | Found Vamupo's Jewellery Shop.
  5156 | D:5      | Found a shimmering altar of Xom.
  5157 | D:5      | Found a burning altar of Makhleb.
  5278 | D:5      | Found a blossoming altar of Fedhas.
  5296 | D:5      | Noticed an oklob plant
  5405 | D:6      | Reached skill level 11 in Maces & Flails
  5489 | D:6      | Reached XP level 9. HP: 34/51 MP: 9/9
  5744 | D:6      | Found a staircase to the Ecumenical Temple.
  5754 | Temple   | Entered the Ecumenical Temple
  6113 | Temple   | Became a worshipper of Warmaster Okawaru
  6224 | D:6      | Found a shadowy altar of Dithmenos.
  6754 | D:7      | Reached skill level 12 in Maces & Flails
  7046 | D:7      | Reached * piety under Okawaru
  7181 | D:7      | Found a sparkling altar of Nemelex Xobeh.
  7181 | D:7      | Found a shimmering blue altar of Sif Muna.
  7182 | D:7      | Found a hazy altar of Hepliaklqana.
  7553 | D:8      | Noticed a gargoyle
  7561 | D:8      | Killed from afar by a gargoyle

Illustrated notes

Levels and vault maps discovered:
D:1:      evilmike_arrival_fibonacci_small, layout_basic, minmay_tetromino_o2
D:2:      layout_rooms, first_ration, uniq_jessica
D:3:      layout_loops_corners
D:4:      layout_loops_ring, portal_sewer_entry_a, uniq_sigmund, uniq_natasha
D:5:      layout_basic, grunt_temple_overflow_champion_of_chaos, tgw_fedhas,
          serial_shops, nicolae_shop_stone, basic_altar, minmay_crystal_room,
          roderic_serpentine_path, uniq_blork_the_orc
D:6:      layout_rooms, old_standard_altar, minmay_temple_entry_stoned_glass,
          st_stairs_4
D:7:      layout_basic, gammafunk_temple_overflow_claw, grunt_ogre_cave
D:8:      layout_loops_ring, nicolae_gozag_zags_fifth_avenue,
          nicolae_overflow_hidden_temple
Temple:   minmay_temple_forest_path

Skill      XL: |  1  2  3  4  5  6  7  8  9 |
---------------+----------------------------+-----
Maces & Flails | 3 4 5 6 7 9 11 12 | 12.0
Fighting       | 4 |  4.6
Shields        | 4 |  4.6
Armour         | |  3.2

Action                   |  1- 3 |  4- 6 |  7- 9 || total
-------------------------+-------+-------+-------++-------
Melee: Flail             |    91 |   306 |   415 ||   812
Throw: Javelin           |       |    15 |     8 ||    23
  Use: Scroll            |       |     4 |     3 ||     7
  Eat: Chunk             |       |     8 |    14 ||    22
Armor: Scale mail        |    63 |    33 |       ||    96
       Chain mail        |       |   229 |   223 ||   452
Dodge: Dodged            |    38 |    78 |    70 ||   186
Block: Kite shield       |    52 |   175 |   157 ||   384
